 Dungeon Crawl Stone Soup version 0.31-a0-180-g519b7de00c (webtiles) character file.

Game seed: 12007901366395405779

114 qw the Chopper (level 4, -5/28 HPs)
             Began as a Gargoyle Fighter on June 19, 2023.
             Killed by divine providence
             ... invoked by an orc priest
              (14 damage)
             ... on level 5 of the Dungeon.
             The game lasted 00:01:05 (2112 turns).

qw the Chopper (Gargoyle Fighter)                   Turns: 2112, Time: 00:01:05

Health: -5/28      AC: 17    Str: 21    XL:     4   Next: 98%
Magic:  4/4        EV:  7    Int:  9    God:
Gold:   117        SH:  4    Dex:  9    Spells: 3/3 levels left

rFire   . . .        Y - +1 war axe
rCold   . . .        c - +0 buckler
rNeg    + . .        q - +0 chain mail
rPois   inf          (no helmet)
rElec   +            (no cloak)
rCorr   .            n - +0 pair of gloves
SInv    .            r - +2 pair of boots {rampage}
Will    +....        (no amulet) Stlth
                     k - ring of willpower
HPRegen 0.24/turn    (no ring)
MPRegen 0.09/turn

%: rampage
@: no status effects
A: sickness immunity, AC +3, negative energy resistance 1, electricity
resistance, torment resistance 1, petrification resistance
a: no special abilities


You were on level 5 of the Dungeon.
You visited 1 branch of the dungeon, and saw 5 of its levels.

You collected 117 gold pieces.


Innate Abilities, Weirdness & Mutations

You are immune to sickness and miasma.
Your stone body is resilient. (AC +3)
You are immune to poison.
You resist negative energy. (rN+)
You are resistant to electric shocks. (rElec)
You are resistant to unholy torment.
You are immune to petrification.


   Skills:
 - Level 3.2 Fighting
 + Level 4.5 Axes
 - Level 3.2 Armour
 - Level 3.2 Shields


You had 3 spell levels left.
You didn't know any spells.
Your spell library was empty.

Inventory:

Hand Weapons
 f - a +0 flail
 Y - a +1 war axe (weapon)
Armour
 c - a +0 buckler (worn)
 n - a +0 pair of gloves (worn)
 q - a +0 chain mail (worn)
 r - a +2 pair of boots of rampaging (worn)
Jewellery
 k - a ring of willpower (left hand)
Scrolls
 a - 2 scrolls of teleportation
 l - 2 scrolls of identify
Potions
 d - a potion of might
 i - a potion of attraction
 j - a potion of haste {unknown}
 m - a potion of curing {unknown}
 p - a potion of berserk rage {unknown}

Dungeon Overview and Level Annotations

Branches:
Dungeon (6/15)
 Temple: D:4-7

Altars:
Nemelex Xobeh

Shops:
D:1 *

Annotations:
D:5 Grinder


Message History

You hit the orc.
The orc is almost dead.
You hit the orc.
The orc hits you but does no damage. x3; The orc closely misses you.
You barely miss the orc.
The orc is almost dead.
You slash the orc!
You kill the orc!
You block the orc's attack.
You closely miss the orc.
The orc is almost dead.
You closely miss the orc.
The orc priest mumbles some strange prayers to Beogh against you.
Beogh smites you! The orc hits you but does no damage.
The orc completely misses you.
You hit the orc.
You kill the orc!
You hit the orc but do no damage. You block the orc's attack.
The orc barely misses you.
You hit the orc.
The orc is moderately wounded.
The orc closely misses you.
You hit the orc.
The orc is heavily wounded.
You block the orc's attack.
You hit the orc.
The orc is severely wounded.
An iguana comes into view.
The orc hits you with a +0 morningstar.
The iguana hisses angrily.
You slash the orc!
You kill the orc!
You barely miss the orc priest.
The orc priest hits you with a +0 morningstar.
You hit the orc priest.
The orc priest is moderately wounded.
The orc priest invokes the aid of Beogh against you.
Beogh smites you!
Ouch! That really hurt!
You die...

#.. ....o .. ...o.
#.. ....o. # ##..
....o.
#.##...##.o....
......#l....#
..........#
.......o##
......#)@### .....
##...#
##################.#
...................#
.#...#...#.(.#...#.#
[..................#
.#...#...#...#...###
..................#
###################


You could see an iguana and an orc priest.

Vanquished Creatures
  Jessica (D:2)
  2 adders (D:2)
  An ufetubus (D:5)
  3 worms (D:2)
  A dart slug (D:2)
  5 orcs
  5 endoplasms
  2 giant cockroaches (D:1)
  3 goblins
  7 hobgoblins
  5 kobolds
  4 quokkas
  4 ball pythons
  3 bats
  2 rats
48 creatures vanquished.

Notes
Turn   | Place    | Note
-------+----------+-------------------------------------------
     0 | D:1      | qw the Gargoyle Fighter began the quest for the Orb.
     0 | D:1      | Reached XP level 1. HP: 14/14 MP: 1/1
     0 | D:1      | 0 ||| qw: Version: 0.3-a-7-ge0c9b40
     0 | D:1      | 0 ||| qw: Game counter: 1077
     0 | D:1      | 0 ||| qw: Always use a shield: true
     0 | D:1      | 0 ||| qw: God list: Okawaru
     0 | D:1      | 0 ||| qw: Allow faded altars: false
     0 | D:1      | 0 ||| qw: Do Orc after D:15 true
     0 | D:1      | 0 ||| qw: Do second Lair branch before Depths: true
     0 | D:1      | 0 ||| qw: Lair rune preference: random
     0 | D:1      | 0 ||| qw: Plans: Normal, Zot:1-4, Slime:5, God:TSO, Crypt,
                  | Tomb, Abyss, Pan, Hells, Win
     0 | D:1      | 0 ||| PLANNING D:1-11
    36 | D:1      | Reached skill level 2 in Axes
    47 | D:1      | 47 ||| Stepping ~*~*~tactically~*~*~ (stealth).
   104 | D:1      | Reached XP level 2. HP: 19/19 MP: 2/2
   388 | D:1      | Found Tuseu's General Store.
   403 | D:1      | 403 ||| SHOPLISTING +0 whip (32 gold, have 11).
   403 | D:1      | 403 ||| SHOPLISTING 2 scrolls of teleportation (78 gold,
                  | have 11).
   403 | D:1      | 403 ||| SHOPLISTING potion of mutation (104 gold, have 11).
   403 | D:1      | 403 ||| SHOPLISTING scroll of teleportation (39 gold, have
                  | 11).
   615 | D:1      | 615 ||| UPGRADING to ring of willpower.
   616 | D:1      | 616 ||| READING 3 scrolls labelled FIECET YR UMNO.
   620 | D:1      | 620 ||| READING scroll labelled FYJENO XOUCITS.
   621 | D:1      | 621 ||| READING scroll labelled TAPUXUFUCA.
   636 | D:2      | 636 ||| STAIRDANCE
   644 | D:1      | Reached skill level 3 in Axes
   690 | D:2      | Reached XP level 3. HP: 23/23 MP: 3/3
   690 | D:2      | 690 ||| DROPPING +0 club.
   942 | D:2      | Noticed Jessica
   943 | D:2      | 943 ||| Stepping ~*~*~tactically~*~*~ (hiding).
   961 | D:2      | 961 ||| Stepping ~*~*~tactically~*~*~ (hiding).
   969 | D:2      | Killed Jessica
   970 | D:2      | Reached XP level 4. HP: 18/28 MP: 4/4
  1146 | D:2      | Reached skill level 4 in Axes
  1832 | D:2      | 1832 ||| UPGRADING to +0 pair of gloves.
  1837 | D:2      | 1837 ||| UPGRADING to +0 chain mail.
  1847 | D:2      | 1847 ||| DROPPING +0 scale mail.
  1848 | D:2      | 1848 ||| UPGRADING to +2 pair of boots of rampaging.
  1853 | D:2      | 1853 ||| READING scroll labelled RUTTYR JOREUMO.
  1854 | D:2      | 1854 ||| READING scroll labelled VEMEMN ASEATSE.
  1855 | D:2      | 1855 ||| DRINKING 3 emerald potions.
  1856 | D:2      | 1856 ||| DRINKING 2 pink potions.
  1857 | D:2      | 1857 ||| READING 2 scrolls of identify.
  1857 | D:2      | 1857 ||| IDENTIFYING brown potion
  1858 | D:2      | 1858 ||| DROPPING potion of degeneration.
  1859 | D:2      | 1859 ||| DROPPING 2 potions of brilliance.
  1900 | D:3      | You fall into a shaft and drop 3 floors!
  1935 | D:6      | 1935 ||| READING scroll labelled VOIMUXTAUWA.
  1943 | D:5      | Entered Level 5 of the Dungeon
  1950 | D:5      | Noticed Grinder
  1962 | D:5      | HP: 3/28 [Grinder (6)]
  1963 | D:5      | 1963 ||| READING 3 scrolls of teleportation.
  1965 | D:5      | Found a sparkling altar of Nemelex Xobeh.
  2092 | D:5      | 2092 ||| Stepping ~*~*~tactically~*~*~ (stealth).
  2094 | D:5      | 2094 ||| Stepping ~*~*~tactically~*~*~ (hiding).
  2112 | D:5      | Killed from afar by an orc priest

Levels and vault maps discovered:
D:1:      pf_arrival_petrified_forest, layout_basic, serial_shops, shop,
          minmay_tiny_reverse_x
D:2:      kennysheep_six_static_rooms, layout_loops_corners, uniq_jessica
D:3:      minmay_chambers_of_twos, layout_loops_corners,
          grunt_temple_overflow_holy_war, jmf_multi_god_temple,
          nicolae_hepliaklqana_hippocampus, ebering_ghost_gozag
D:5:      layout_rooms, lemuel_coloured_pillars_altar, uniq_grinder,
          uniq_sigmund
D:6:      layout_loops_ring, fiery_altar_vehumet, minmay_misc_feat_hallway,
          serial_park_tiny_2, uniq_maggie, uniq_edmund

Skill      XL: |  1  2  3  4 |
---------------+-------------+-----
Axes           | 2 3 4 |  4.5
Fighting       | |  3.2
Armour         | |  3.2
Shields        | |  3.2

Action                     |  1- 3 |  4- 6 || total
---------------------------+-------+-------++-------
  Melee: War axe           |    68 |   103 ||   171
    Use: Scroll            |     3 |     5 ||     8
         Potion            |       |     2 ||     2
 Armour: Scale mail        |    38 |    30 ||    68
         Chain mail        |       |    24 ||    24
  Dodge: Dodged            |    24 |    36 ||    60
  Block: Buckler           |    11 |    18 ||    29

Table legend:
 A = Non-vault XP
 B = Vault XP
 C = Vault XP percentage of total XP
 D = Non-vault monster count
 E = Vault monster count
 F = Vault count percentage of total count
                 A         B        C        D         E       F
            +---------+---------+-------+---------+---------+-------
      Total |     107 |      57 |  34.8 |      39 |       9 |  18.8
            +---------+---------+-------+---------+---------+-------
        D:1 |      27 |       3 |  10.0 |      16 |       2 |  11.1
        D:2 |      60 |      54 |  47.4 |      18 |       7 |  28.0
        D:5 |      20 |       0 |   0.0 |       5 |       0 |   0.0
            +---------+---------+-------+---------+---------+-------
